 Dungeon Crawl Stone Soup version 0.31-a0-233-g139696dc86 (webtiles) character file.

Game seed: 15106652808312042901

86 qw the Shooter (level 4, -6/36 HPs)
             Began as a Minotaur Hexslinger on July 8, 2023.
             Killed by nerve-wracking pain
             ... invoked by an orc priest
              (14 damage)
             ... on level 3 of the Dungeon.
             The game lasted 00:00:40 (1647 turns).

qw the Shooter (Minotaur Hexslinger)                Turns: 1647, Time: 00:00:41

Health: -6/36      AC:  8    Str: 13    XL:     4   Next: 26%
Magic:  4/4        EV: 11    Int: 10    God:
Gold:   137        SH:  0    Dex: 14    Spells: 4/5 levels left

rFire   . . .        Y - +1 sling
rCold   . . .        (no shield)
rNeg    . . .        e - +0 ring mail
rPois   .            g - +2 hat
rElec   .            (no cloak)
rCorr   .            a - +0 pair of gloves
SInv    .            (no boots)
Will    .....        (no amulet)
Stlth   +            (no ring)
HPRegen 0.26/turn    (no ring)
MPRegen 0.09/turn

%: no passive effects
@: no status effects
A: horns 2, retaliatory headbutt
a: no special abilities


You were on level 3 of the Dungeon.
You visited 1 branch of the dungeon, and saw 3 of its levels.

You collected 137 gold pieces.


Innate Abilities, Weirdness & Mutations

You have a pair of horns on your head.
You reflexively headbutt those who attack you in melee.


   Skills:
 - Level 2.0 Fighting
 + Level 4.6 Ranged Weapons
 - Level 1.0 Armour
 - Level 2.1 Dodging
 - Level 1.0 Spellcasting
 - Level 2.0 Hexes


You had 4 spell levels left.
You knew the following spells:

 Your Spells              Type           Power      Damage    Failure   Level
a - Slow                  Hex            16%        N/A       32%         1

Your spell library contained the following spells:

 Spells                   Type           Power      Damage    Failure   Level
 Inner Flame              Hex/Fire       2%         N/A       82%         3
 Portal Projectile        Hex/Tloc       4%         N/A       82%         3
 Cause Fear               Hex            2%         N/A       97%         4

Inventory:

Hand Weapons
 Y - a +1 sling (weapon)
Armour
 a - a +0 pair of gloves (worn)
 e - a +0 ring mail (worn)
 g - a +2 hat (worn)
Scrolls
 f - a scroll of identify
Potions
 b - a potion of enlightenment {unknown}
 d - a potion of haste {unknown}

Dungeon Overview and Level Annotations

Branches:
Dungeon (3/15)

Altars:

Shops:
D:1 (


Message History

The orc priest hits you with a +0 dagger.
The orc barely misses you.
You shoot a sling bullet.
The sling bullet hits the orc wizard but does no damage.
The orc wizard is almost dead.
The orc wizard barely misses you. The orc hits you but does no damage.
The orc priest hits you with a +0 dagger.
The orc hits you but does no damage.
You shoot a sling bullet.
The sling bullet closely misses the orc wizard.
The orc wizard hits you with a +0 dagger.
The orc hits you but does no damage. The orc hits you with a +0 club.
The orc priest hits you with a +0 dagger.
The orc wizard hits you with a +0 dagger.
The orc hits you but does no damage. The orc closely misses you.
The orc priest hits you but does no damage.
You shoot a sling bullet. The sling bullet hits the orc wizard.
You kill the orc wizard!
The orc hits you with a +0 club. The orc priest barely misses you.
The orc closely misses you. You furiously retaliate!
You headbutt the orc!
You kill the orc!
You have reached level 4!
You feel stronger.
You shoot a sling bullet.
The sling bullet closely misses the orc priest.
The orc priest looks encouraged for a moment.
The orc misses you.
You shoot a sling bullet. The sling bullet hits the orc priest!
The orc priest is heavily wounded.
The orc priest hits you but does no damage.
The orc hits you with a +0 club. The orc priest closely misses you.
The orc closely misses you. You furiously retaliate!
You headbutt the orc. You shoot a sling bullet.
The sling bullet barely misses the orc priest.
The orc barely misses you.
The orc priest hits you but does no damage.
You shoot a sling bullet. The sling bullet hits the orc priest.
The orc priest is severely wounded.
The orc priest invokes the aid of Beogh against you.
Pain shoots through your body!
You die...

#... ... ..## ...#
#..# ...####..##
#....)oo.### #@)...#
####.###.#
#........#
#.##.##..#
##.#.##.##..########
...........#.......#
.#.#.##.#..##.####.#
.......#.###..#
...........##.#.##


You could see an orc priest and an orc.

Vanquished Creatures
  An orc wizard (D:3)
  An adder (D:2)
  2 worms (D:2)
  2 orcs (D:3)
  6 bats
  4 endoplasms
  2 goblins
  4 hobgoblins
  6 jackals
  2 kobolds
  3 ball pythons
  2 frilled lizards
  6 rats
41 creatures vanquished.

Notes
Turn   | Place    | Note
-------+----------+-------------------------------------------
     0 | D:1      | qw the Minotaur Hexslinger began the quest for the Orb.
     0 | D:1      | Reached XP level 1. HP: 16/16 MP: 1/1
     0 | D:1      | 0 ||| qw: Version: 0.3-a-46-gb1f654a
     0 | D:1      | 0 ||| qw: Game counter: 3721
     0 | D:1      | 0 ||| qw: Melee chars always use a shield: true
     0 | D:1      | 0 ||| qw: God list: Okawaru
     0 | D:1      | 0 ||| qw: Allow faded altars: false
     0 | D:1      | 0 ||| qw: Do Orc after clearing Dungeon:15 true
     0 | D:1      | 0 ||| qw: Do second Lair branch before Depths: true
     0 | D:1      | 0 ||| qw: Lair rune preference: random
     0 | D:1      | 0 ||| qw: Goals: Normal
     0 | D:1      | 0 ||| PLANNING D:1-11
    18 | D:1      | You fall into a shaft and drop 1 floor!
   109 | D:2      | 109 ||| UPGRADING to +0 ring mail.
   119 | D:2      | 119 ||| DROPPING +0 robe.
   120 | D:2      | 120 ||| READING scroll labelled EKEPLO TIEDE.
   121 | D:2      | 121 ||| DROPPING scroll of poison.
   339 | D:1      | Reached skill level 3 in Ranged Weapons
   339 | D:1      | Reached XP level 2. HP: 23/23 MP: 2/2
   361 | D:1      | Found Jeqi Oxa's Weapon Emporium.
   369 | D:1      | 369 ||| SHOPLISTING +1 shortbow of draining (124 gold, have
                  | 69).
   369 | D:1      | 369 ||| SHOPLISTING +5 sling of electrocution (307 gold,
                  | have 69).
   775 | D:1      | 775 ||| UPGRADING to +0 pair of gloves.
   780 | D:1      | 780 ||| READING scroll labelled AFUUMAPPYM.
   878 | D:2      | Identified the +2 scale mail of Love and Death {rElec
                  | Int+5}
   892 | D:2      | Reached XP level 3. HP: 29/29 MP: 3/3
  1059 | D:2      | Reached skill level 4 in Ranged Weapons
  1091 | D:2      | 1091 ||| FLEEEEING.
  1092 | D:2      | 1092 ||| FLEEEEING.
  1093 | D:2      | 1093 ||| FLEEEEING.
  1094 | D:2      | 1094 ||| FLEEEEING.
  1097 | D:2      | 1097 ||| FLEEEEING.
  1098 | D:2      | 1098 ||| FLEEEEING.
  1099 | D:2      | 1099 ||| STAIRDANCE
  1383 | D:2      | Reached skill level 1 in Armour
  1580 | D:2      | 1580 ||| UPGRADING to +2 hat.
  1585 | D:2      | 1585 ||| READING 2 scrolls labelled IRUIQEULUU.
  1586 | D:2      | 1586 ||| READING 2 scrolls labelled XOZEQ ZEIFF.
  1587 | D:2      | 1587 ||| READING 2 scrolls labelled NIEKKI ONLYGOBB.
  1588 | D:2      | 1588 ||| DROPPING scroll of blinking.
  1589 | D:2      | 1589 ||| DROPPING scroll of fear.
  1644 | D:3      | Reached XP level 4. HP: 10/36 MP: 4/4
  1645 | D:3      | HP: 7/36 [orc/+0 club (3)]
  1647 | D:3      | Killed from afar by an orc priest

Levels and vault maps discovered:
D:1:      lightli_arrival_maybe_door_vault, layout_basic, serial_shops,
          nicolae_shop_bloodbath_and_beyond
D:2:      layout_basic
D:3:      layout_loops_ring, mainiacjoe_overflow_concentric_impassable,
          gammafunk_ghost_arena, ebering_ecumenical_altar_box, serial_shops,
          nicolae_shop_just_a_little_nook

Skill      XL: |  1  2  3 |
---------------+----------+-----
Ranged Weapons | 3 4 |  4.6
Fighting       | 2 |  2.0
Armour         | 1 |  1.0
Dodging        | |  2.1
Spellcasting   | |  1.0
Hexes          | |  2.0

Action                     |  1- 3 |  4- 6 || total
---------------------------+-------+-------++-------
   Fire: Sling             |   156 |     4 ||   160
    Use: Scroll            |     5 |       ||     5
 Armour: Ring mail         |    58 |     2 ||    60
  Dodge: Dodged            |    50 |     4 ||    54

Table legend:
 A = Non-vault XP
 B = Vault XP
 C = Vault XP percentage of total XP
 D = Non-vault monster count
 E = Vault monster count
 F = Vault count percentage of total count
                 A         B        C        D         E       F
            +---------+---------+-------+---------+---------+-------
      Total |     123 |       0 |   0.0 |      41 |       0 |   0.0
            +---------+---------+-------+---------+---------+-------
        D:1 |      27 |       0 |   0.0 |      17 |       0 |   0.0
        D:2 |      49 |       0 |   0.0 |      18 |       0 |   0.0
        D:3 |      47 |       0 |   0.0 |       6 |       0 |   0.0
            +---------+---------+-------+---------+---------+-------
